 Dungeon Crawl Stone Soup version 0.27-a0-334-g52645efa06 (webtiles) character file.

Game seed: 10843262370362523311

7128 Chiseanne the Covert (level 10, 0/46 HPs)
             Began as a Spriggan Brigand on Feb 13, 2021.
             Was an Initiate of Gozag.
             Succumbed to a black mamba's poison
             ... on level 1 of the Lair of Beasts.
             The game lasted 00:59:36 (11469 turns).

Chiseanne the Covert (Spriggan Brigand)            Turns: 11469, Time: 00:59:37

Health: 0/46       AC:  4    Str: 14    XL:     10   Next: 85%
Magic:  7/23       EV: 21    Int: 10    God:    Gozag
Gold:   638        SH:  0    Dex: 20    Spells: 18/26 levels left

rFire    + . .     SeeInvis +   s - +10 quarterstaff of Detekiona {protect, Str+7 Int-3}
rCold    + . .     Faith    .   (shield currently unavailable)
rNeg     . . .     Spirit   +   e - +1 robe {rF+}
rPois    .         Reflect  .   (helmet restricted)
rElec    .         Harm     .   c - +0 cloak
rCorr    .         Rampage  .   (gloves unavailable)
Will     +....                  (boots unavailable)
Stlth    ++++++....             p - amulet of guardian spirit
HPRegen  0.15/turn              i - ring of protection from cold
MPRegen  0.18/turn              (no ring)

@: lethally poisoned (0 -> -9), about to teleport, very quick
A: very small, unfitting armour, see invisible, speed 3
a: Renounce Religion, Potion Petition, Call Merchant, Bribe Branch


You were on level 1 of the Lair of Beasts.
You worshipped Gozag.
Gozag was pleased with you.
You visited 3 branches of the dungeon, and saw 12 of its levels.

You collected 1400 gold pieces.
You spent 225 gold pieces at shops.
You paid 537 gold pieces to Gozag.

Inventory:

Hand Weapons
 a - a +1 short sword of freezing
 s - the +10 quarterstaff of Detekiona (weapon) {protect, Str+7 Int-3}
   (You bought it in a shop on level 9 of the Dungeon)

   It grants its wielder temporary protection when it strikes (+7 to AC).
   It affects your strength (+7).
   It affects your intelligence (-3).
 t - a +2 scimitar of protection
Missiles
 b - 12 boomerangs
 h - 225 stones
 j - 88 bolts
 m - 90 arrows
 q - 117 sling bullets
 r - 8 poisoned darts
 u - 5 atropa-tipped darts (quivered)
Armour
 c - a +0 cloak (worn)
 e - a +1 robe of fire resistance (worn)
Magical Staves
 l - a staff of earth {unknown}
Jewellery
 i - a ring of protection from cold (left hand)
 p - an amulet of guardian spirit (around neck)
Wands
 w - a wand of acid (13)
 x - a wand of flame (17)
Potions
 d - 6 potions of cancellation
 f - 3 potions of mutation
 g - 4 potions of flight
 k - 2 potions of resistance
 n - 3 potions of brilliance


   Skills:
 - Level 1.5 Fighting
 - Level 4.4 Short Blades
 * Level 4.7 Staves
 - Level 2.0 Throwing
 - Level 4.6 Dodging
 - Level 14.3 Stealth
 * Level 8.7 Spellcasting
 - Level 3.9 Translocations
 - Level 6.6 Transmutations
 * Level 1.7 Fire Magic
 - Level 4.9 Earth Magic
 * Level 2.1 Poison Magic


You had 18 spell levels left.
You knew the following spells:

 Your Spells              Type           Power        Failure   Level
a - Sting                 Tmut/Pois      52%          2%          1
b - Passwall              Tmut/Erth      12%          2%          2
c - Blink                 Tloc           N/A          4%          2
d - Ignite Poison         Fire/Tmut/Pois 11%          11%         3

Your spell library contained the following spells:

 Spells                   Type           Power        Failure   Level
 Sandblast                Erth           28%          1%          1
 Gell's Gravitas          Tloc           6%           10%         3
 Petrify                  Tmut/Erth      15%          14%         4
 Magic Dart               Conj           16%          16%         1
 Summon Small Mammal      Summ           16%          16%         1
 Poisonous Vapours        Pois/Air       12%          16%         2
 Stone Arrow              Conj/Erth      18%          17%         3
 Portal Projectile        Hex/Tloc       16%          22%         3
 Call Imp                 Summ           4%           24%         2
 Slow                     Hex            4%           24%         2
 Conjure Flame            Conj/Fire      6%           32%         3
 Mephitic Cloud           Conj/Pois/Air  5%           34%         3
 Call Canine Familiar     Summ           4%           43%         3
 Summon Guardian Golem    Hex/Summ       4%           43%         3
 Lee's Rapid Deconstruct  Erth           7%           50%         5
 Olgreb's Toxic Radiance  Pois           8%           54%         4
 Summon Ice Beast         Ice/Summ       4%           83%         4
 Summon Lightning Spire   Summ/Air       4%           83%         4
 Dispersal                Tloc           6%           99%         6
 Disjunction              Tloc           6%           100%        8


Dungeon Overview and Level Annotations

Branches:
Dungeon (9/15)             Temple (1/1) D:5            Lair (2/6) D:9
    Orc (0/2) D:9
  Swamp: Lair:2-4    Shoals: Lair:2-4     Snake: Lair:2-4    Spider: Lair:2-4

Altars:
Cheibriados
Dithmenos
Elyvilon
Fedhas
Gozag
Hepliaklqana
Kikubaaqudgha
Makhleb
Nemelex Xobeh
Okawaru
Qazlal
Sif Muna
Trog
Uskayaw
Vehumet
Wu Jian
Zin
The Shining One

Shops:
D:6 *   D:9 (

Annotations:
D:4 Edmund
D:6 Maggie, Sigmund
D:7 Dowan, Duvessa, Pikel
D:8 exclusion: 2 killer bees


Innate Abilities, Weirdness & Mutations

You are very small and have problems with some larger weapons.
You are too small for most types of armour.
You have supernaturally acute eyesight. (SInv)
You cover ground extremely quickly.


Message History

Casting: Blink (safe; 4% risk of failure)
Confirm with . or Enter, or press ? or * to list all spells.
Aiming: Passwall (safe; 2% risk of failure)
Press: ? - help, Dir - move target, f - you Please select a wall.
Okay, then.
You feel yourself speed up.
* * * LOW HITPOINT WARNING * * *
You feel sick.
* * * LOW HITPOINT WARNING * * *
You feel sick.
* * * LOW HITPOINT WARNING * * *
You feel sick.
* * * LOW HITPOINT WARNING * * *
You feel sick.
As you read the scroll of teleportation, it crumbles to dust.
You feel strangely unstable.
* * * LOW HITPOINT WARNING * * *
You feel sick.
* * * LOW HITPOINT WARNING * * *
You feel sick.
* * * LOW HITPOINT WARNING * * *
You feel sick.
* * * LOW HITPOINT WARNING * * *
You feel sick.
* * * LOW HITPOINT WARNING * * *
You feel sick.
You feel strangely stable.
Your magical effects are unravelling.
You feel magically purged.
You feel yourself slow down.
Okay, then.
Okay, then.
Okay, then.
As you read the scroll of teleportation, it crumbles to dust.
You feel strangely unstable.
* * * LOW HITPOINT WARNING * * *
You feel sick. The black mamba misses you.
You die...
Your body crumbles into a pile of gold.

............................#
......###...................###
###...# #.....................#
#P..S###...............P.....##
###....##........#.....####....#
#.....###....S...##.P### #...##
......###.....S.....## #...#
...#####P............# ##...#
................@....# ##....###
....................## #.......#
.................##.#
####.P..)##
..#.#####........P#........#...#
..##.#P##........##........#...#
.................# .####.##....#
.................# ## ##...#
.................# ##...##
.................## ##.....#


You could see 2 black mambas.

Vanquished Creatures
  A black mamba (Lair:2)
  4 cane toads
  A komodo dragon (Lair:1)
  2 rime drakes (Lair:1)
  12 yaks
  2 wyverns (D:9)
  2 basilisks
  A steam dragon (D:9)
  3 water moccasins
  4 orc warriors
  An ice beast (D:5)
  A sky beast (D:6)
  A wolf (Lair:1)
  An ogre (D:5)
  A kobold brigand (D:8)
  6 bullfrogs
  A scorpion (D:5)
  3 wights (D:7)
  A centaur zombie (D:7)
  2 jellies
  4 hounds
  A centaur skeleton (D:4)
  3 bullfrog skeletons
  2 iguanas
  7 orc wizards
  A worker ant (D:9)
  A hound zombie (D:5)
  A hound skeleton (D:4)
  5 adders
  A white imp (D:9)
  An ooze (D:4)
  2 adder skeletons
  A worm (D:5)
  2 dart slugs
  2 leopard geckos (D:1)
  36 orcs
  A ball python (D:3)
  4 bats
  4 giant cockroaches
  3 goblins
  2 hobgoblins
  8 jackals
  5 quokkas
  3 frilled lizards
  A jackal skeleton (D:8)
  8 kobolds
  A rat (D:2)
160 creatures vanquished.

Vanquished Creatures (collateral kills)
  An orc (D:8)
1 creature vanquished.

Vanquished Creatures (others)
  2 wights (D:7)
  An orc priest (D:8)
  An orc wizard (D:8)
  8 fungi
  6 plants
18 creatures vanquished.

Grand Total: 179 creatures vanquished

Notes
Turn   | Place    | Note
-------+----------+-------------------------------------------
     0 | D:1      | Chiseanne the Spriggan Brigand began the quest for the Orb.
     0 | D:1      | Reached XP level 1. HP: 10/10 MP: 2/2
    75 | D:1      | Reached skill level 6 in Stealth
   176 | D:1      | Reached XP level 2. HP: 14/14 MP: 3/3
   309 | D:2      | Reached skill level 7 in Stealth
   618 | D:2      | Found a white marble altar of Elyvilon.
   698 | D:2      | Found a hazy altar of Hepliaklqana.
   698 | D:2      | Found a bloodstained altar of Trog.
   703 | D:2      | Found an ornate altar of the Wu Jian Council.
   706 | D:2      | Found a faded altar of an unknown god.
   707 | D:2      | Found a faded altar of an unknown god.
  1019 | D:3      | Found a snail-covered altar of Cheibriados.
  1043 | D:4      | Reached skill level 8 in Stealth
  1043 | D:4      | Reached XP level 3. HP: 18/18 MP: 4/4
  1082 | D:3      | Reached XP level 4. HP: 22/22 MP: 5/5
  1149 | D:4      | Reached skill level 9 in Stealth
  1363 | D:4      | Found a hide-covered altar of Uskayaw.
  1604 | D:5      | Entered Level 5 of the Dungeon
  1652 | D:4      | Noticed Edmund
  1684 | D:4      | Reached XP level 5. HP: 16/25 MP: 6/6
  2088 | D:4      | Reached skill level 10 in Stealth
  3233 | D:5      | Reached skill level 11 in Stealth
  3233 | D:5      | Reached XP level 6. HP: 30/30 MP: 7/7
  3281 | D:5      | Noticed a sky beast
  3372 | D:5      | Found a radiant altar of Vehumet.
  3634 | D:5      | Noticed an ice beast
  3655 | D:5      | Reached skill level 12 in Stealth
  3872 | D:5      | Killed an ice beast
  3873 | D:5      | Reached XP level 7. HP: 25/33 MP: 8/8
  3954 | D:6      | Noticed Sigmund
  3991 | D:6      | Reached skill level 13 in Stealth
  4081 | D:6      | Noticed Maggie
  4086 | D:6      | Found Duifroikh's General Store.
  4633 | D:5      | Found a staircase to the Ecumenical Temple.
  4642 | Temple   | Entered the Ecumenical Temple
  4698 | Temple   | Became a worshipper of Gozag Ym Sagoz the Greedy
  5029 | D:9      | Found a staircase to the Orcish Mines.
  5708 | D:8      | Reached skill level 1 in Spellcasting
  5937 | D:7      | Noticed Dowan
  5937 | D:7      | Noticed Duvessa
  6120 | D:7      | Reached XP level 8. HP: 24/37 MP: 9/12
  6332 | D:7      | Identified the +3 halberd of the Maze {protect, rF+ rN+
                  | SInv Stlth+}
  6641 | D:7      | Learned a level 2 spell: Passwall
  6857 | D:7      | Noticed Pikel
  6996 | D:8      | Found a burning altar of Makhleb.
  7052 | D:8      | Reached skill level 14 in Stealth
  7383 | D:9      | Found Iprid's Antique Weapon Shop.
  7394 | D:9      | Bought a masterwork quarterstaff for 225 gold pieces
  7476 | D:9      | Identified the +10 quarterstaff of Detekiona {protect,
                  | Str+7 Int-3} (You bought it in a shop on level 9 of the
                  | Dungeon)
  7735 | D:9      | Reached skill level 1 in Earth Magic
  8050 | D:9      | Learned a level 1 spell: Sting
  8081 | D:9      | Reached skill level 1 in Transmutations
  8466 | D:9      | Reached skill level 1 in Staves
  8466 | D:9      | Reached XP level 9. HP: 19/41 MP: 9/16
  8728 | D:9      | Found a staircase to the Lair.
  9109 | D:9      | Reached skill level 5 in Spellcasting
  9244 | Lair:1   | Entered Level 1 of the Lair of Beasts
  9250 | Lair:1   | Noticed a cane toad
  9257 | Lair:1   | Killed a cane toad
  9275 | Lair:1   | Found a sparkling altar of Nemelex Xobeh.
  9404 | Lair:1   | Noticed a cane toad
  9409 | Lair:1   | Killed a cane toad
  9410 | Lair:1   | Reached skill level 5 in Transmutations
  9436 | Lair:1   | Noticed a komodo dragon
  9483 | Lair:1   | Killed a komodo dragon
  9554 | Lair:1   | Noticed a rime drake
  9554 | Lair:1   | Noticed a black mamba
  9563 | Lair:1   | Killed a rime drake
  9604 | Lair:1   | Noticed a rime drake
  9609 | Lair:1   | Killed a rime drake
  9610 | Lair:1   | Reached XP level 10. HP: 35/46 MP: 6/21
  9673 | Lair:1   | Learned a level 2 spell: Blink
 10128 | Lair:2   | Found a hide-covered altar of Uskayaw.
 10268 | Lair:2   | Noticed a cane toad
 10271 | Lair:2   | Killed a cane toad
 10332 | Lair:2   | Noticed a cane toad
 10338 | Lair:2   | Killed a cane toad
 10339 | Lair:2   | Reached skill level 1 in Translocations
 10732 | Lair:2   | Learned a level 3 spell: Ignite Poison
 10795 | Lair:2   | Noticed a black mamba
 10800 | Lair:2   | Killed a black mamba
 10801 | Lair:2   | Reached skill level 1 in Poison Magic
 10908 | Lair:2   | Reached skill level 1 in Fire Magic
 11098 | Lair:2   | Noticed a black mamba
 11466 | Lair:1   | HP: 2/46 [poisoned by a black mamba]
 11469 | Lair:1   | Succumbed to a black mamba's poison

Illustrated notes

Levels and vault maps discovered:
D:1:      wheals_arrival_linesprint, layout_loops_ring, grunt_decor_clamped,
          wander_ebering_terrifying_dragon_lair
D:2:      layout_basic, elyvilon_altar_1, chequers_temple_overflow_minitemple,
          lemuel_tele_altar
D:3:      layout_loops_ring, cheibriados_altar_1, grunt_ministairs_12,
          roderic_malta_cross
D:4:      layout_basic, old_standard_altar, uniq_edmund
D:5:      cheibrodos_barr_body, layout_layer_cave, kennysheep_mini,
          minmay_temple_entry_poolview
D:6:      layout_basic, serial_shops, shop, uniq_sigmund, uniq_maggie
D:7:      layout_rooms, minitemple, enter_bailey_2, kennysheep_doodads,
          uniq_duvessa, uniq_pikel
D:8:      layout_cave_pods, lemuel_crystal_altar
D:9:      layout_rooms, erik_lair_dragon, david_orc_2, serial_shops,
          nicolae_shop_stone
Temple:   zaba_magenta_temple
Lair:1:   layout_gridlike, basic_altar, minmay_shattered_shrine
Lair:2:   layout_loops_ring, basic_altar, lemuel_fruit_tree,
          serial_bayou_shore_b, grunt_megastairs_2

Skill      XL: |  1  2  3  4  5  6  7  8  9 10 |
---------------+-------------------------------+-----
Stealth        | 6 8 9 11 12 13 14 | 14.3
Dodging        | 2 4 |  4.6
Spellcasting   | 2 4 6 8 |  8.7
Short Blades   | 3 4 |  4.4
Earth Magic    | 2 4 |  4.9
Transmutations | 2 6 |  6.6
Staves         | 1 3 4 |  4.7
Translocations | 3 |  3.9
Poison Magic   | 2 |  2.1
Fire Magic     | 1 |  1.7
Fighting       | |  1.5
Throwing       | |  2.0

Action                   |  1- 3 |  4- 6 |  7- 9 | 10-12 || total
-------------------------+-------+-------+-------+-------++-------
Melee: Dagger            |    43 |   140 |    36 |       ||   219
       Short sword       |       |       |   195 |    18 ||   213
       Quarterstaff      |       |       |    76 |    53 ||   129
       Scimitar          |       |       |    16 |       ||    16
Throw: Dart              |    17 |    39 |    42 |     9 ||   107
       Boomerang         |       |     7 |    49 |       ||    56
       Throwing net      |       |       |     1 |       ||     1
       Stone             |       |       |     4 |       ||     4
 Cast: Sting             |       |       |     2 |    21 ||    23
       Blink             |       |       |       |     9 ||     9
       Ignite Poison     |       |       |       |     4 ||     4
       Passwall          |       |       |       |     1 ||     1
Invok: Potion Petition   |       |       |     1 |       ||     1
Evoke: Wand              |       |       |    22 |       ||    22
  Use: Scroll            |     6 |     1 |    15 |     3 ||    25
       Potion            |       |     1 |     5 |     2 ||     8
 Stab: Sleeping          |     9 |    12 |    17 |     6 ||    44
       Distracted        |     1 |     2 |     2 |       ||     5
       Petrified         |       |       |     2 |       ||     2
       Held in net/web   |       |       |     1 |       ||     1
       Paralysed         |       |       |     1 |       ||     1
       Invisible         |       |       |     1 |     2 ||     3
Armor: Robe              |     4 |    17 |    34 |    12 ||    67
Dodge: Dodged            |    16 |    90 |   275 |    54 ||   435
       Rpst.: Scimitar   |       |       |     3 |       ||     3

Table legend: (Time is in decaauts)
 A = Elapsed time spent in this place.
 B = Non-inter-level travel time spent in this place.
 C = Inter-level travel time spent in this place.
 D = Time resting spent in this place.
 E = Time spent auto-exploring this place.
 F = Levels seen in this place.
 G = Mean time per level.
                   A        B        C        D        E       F      G
               +--------+--------+--------+--------+--------+-----+--------+
         Total |   9145 |   8987 |    158 |   4236 |     24 |  12 |  762.1 |
       Dungeon |   7517 |   7371 |    146 |   3609 |      0 |   9 |  835.2 |
        Temple |     43 |     35 |      8 |      0 |     24 |   1 |   43.0 |
          Lair |   1584 |   1581 |      3 |    626 |      0 |   2 |  792.0 |
               +--------+--------+--------+--------+--------+-----+--------+

Top non-repeatable levels by time:
     D:9: 1895 daAuts
     D:4: 1821 daAuts
     D:8: 1055 daAuts
     D:7: 1010 daAuts
  Lair:2: 956 daAuts
  Lair:1: 628 daAuts
     D:5: 610 daAuts
     D:2: 376 daAuts
     D:3: 277 daAuts
     D:6: 260 daAuts
     D:1: 210 daAuts
  Temple: 43 daAuts
